 Dungeon Sprint DCSS version 0.19.1 (webtiles) character file.

444 StormySan the Cleaver (level 6, -4/62 HPs)
             Began as a Minotaur Berserker on Dec 7, 2016.
             Was a Believer of Trog.
             Shot with an arrow by a centaur warrior (22 damage)
             ... in the Dungeon (Sprint I: "Red Sonja").
             The game lasted 00:01:57 (562 turns).

StormySan the Cleaver (Minotaur Berserker)           Turns: 562, Time: 00:01:58

Health: -4/62      AC:  2    Str: 24    XL:     6   Next: 72%
Magic:  5/5        EV: 15    Int:  4    God:    Trog [**....]
Gold:   310        SH:  0    Dex:  9    Spells: 0 memorised, 5 levels left

rFire  . . .     SeeInvis .     a - +0 hand axe
rCold  . . .     Gourm    .     b - +0 animal skin
rNeg   . . .     Faith    .     (no shield)
rPois  .         Spirit   .     (helmet restricted)
rElec  .         Reflect  .     (no cloak)
rCorr  .         Harm     .     (no gloves)
MR     ++...     NoTele   +     (no boots)
Stlth  +.........               (no amulet)
                                (no ring)
                                (no ring)

@: regenerating
A: retaliatory headbutt, horns 2
a: Berserk, Trog's Hand, Burn Spellbooks, Renounce Religion


You were in the Dungeon.
You worshipped Trog.
Trog was pleased with you.
You were hungry.

You visited 1 branch You collected 310 gold pieces.

Inventory:

Hand Weapons
 a - a +0 hand axe (weapon)
Armour
 b - a +0 animal skin (worn)
Wands
 j - a wand of acid (3/15)
Scrolls
 i - a scroll of blinking
Potions
 d - a potion of curing
 e - a potion of heal wounds
 f - 2 potions of haste
 g - 2 potions of magic
 h - a potion of berserk rage
Comestibles
 c - a bread ration


   Skills:
 + Level 8.5 Fighting
 * Level 11.4 Axes
 + Level 8.1 Armour
 + Level 7.4 Dodging


You had 5 spell levels left.
You didn't know any spells.

Dungeon Overview and Level Annotations

Branches:
Dungeon (1/1)

Altars:
Cheibriados
Dithmenos
Elyvilon
Fedhas
Gozag
Hepliaklqana
Kikubaaqudgha
Nemelex Xobeh
Okawaru
Qazlal
Ru
Sif Muna
Trog
Uskayaw
Vehumet
Yredelemnul
Zin
The Shining One

Shops:
D (


Innate Abilities, Weirdness & Mutations

You reflexively headbutt those who attack you in melee.
You have a pair of horns on your head.


Message History

Found a slice of pizza. 2 centaur warriors come into view.
Found 5 gold pieces.
The centaur warrior shouts! x2
The centaur warrior wields a shortbow.
The centaur warrior shoots an arrow.
The arrow misses you.
The centaur warrior wields a shortbow.
The centaur warrior shoots an arrow.
The arrow hits you!
You hear a splash.
The centaur warrior shoots an arrow.
The arrow hits you!!
The centaur warrior shoots an arrow.
The arrow closely misses you.
You hear a splash.
The centaur warrior shoots an arrow.
The arrow hits you!
* * * LOW HITPOINT WARNING * * *
You hear a splash.
You see here 2 arrows.
Your skin crawls.
You feel resistant to hostile enchantments.
You are feeling hungry.
The centaur warrior shoots an arrow.
The arrow hits you!!
You die...

##############
.#..)..#..'..#
.').#..').#..+
.#####'#####'# ###
.####..#...#.####§§#
.#__####..##§#§§§§c#
.#_____##'#..'§§@§§+
⌠#_.∩...'...§#§≈§§c#
##_..__##_.#'##+####
#_____###+#.#
####### ###


You could see 2 centaur warriors.

Vanquished Creatures
  A yak (D)
  Sigmund (D)
  An ogre (D)
  A jelly (D)
  Ijyb (D)
5 creatures vanquished.

Notes
Turn   | Place    | Note
-------+----------+-------------------------------------------
     0 | D        | StormySan the Minotaur Berserker began the quest for the Orb.
     0 | D        | Reached XP level 1. HP: 19/19 MP: 0/0
     1 | D        | Noticed Ijyb
    16 | D        | Killed Ijyb
    16 | D        | Reached skill level 5 in Axes
    16 | D        | Reached XP level 2. HP: 28/28 MP: 1/1
    19 | D        | Noticed an ogre
    23 | D        | Killed an ogre
    23 | D        | Reached skill level 7 in Axes
    23 | D        | Reached skill level 5 in Armour
    23 | D        | Reached skill level 5 in Dodging
    23 | D        | Reached XP level 3. HP: 37/37 MP: 2/2
    23 | D        | Reached XP level 4. HP: 44/44 MP: 3/3
    66 | D        | Noticed Sigmund
    76 | D        | Killed Sigmund
    76 | D        | Reached ** piety under Trog
    76 | D        | Reached skill level 10 in Axes
    76 | D        | Reached XP level 5. HP: 52/52 MP: 4/4
   113 | D        | Found a deep blue altar of Sif Muna.
   115 | D        | Found a radiant altar of Vehumet.
   118 | D        | Reached XP level 6. HP: 31/61 MP: 5/5
   295 | D        | Found Nasiobu's Antique Weapon Emporium.
   295 | D        | Found an ancient bone altar of Kikubaaqudgha.
   295 | D        | Found a hazy altar of Hepliaklqana.
   295 | D        | Found a stormy altar of Qazlal.
   295 | D        | Found a hide-covered altar of Uskayaw.
   295 | D        | Found a blossoming altar of Fedhas.
   295 | D        | Found a bloodstained altar of Trog.
   295 | D        | Found an iron altar of Okawaru.
   295 | D        | Found a basalt altar of Yredelemnul.
   295 | D        | Found a glowing golden altar of the Shining One.
   295 | D        | Found a snail-covered altar of Cheibriados.
   295 | D        | Found a sacrificial altar of Ru.
   295 | D        | Found a glowing silver altar of Zin.
   295 | D        | Found a shadowy altar of Dithmenos.
   295 | D        | Found a white marble altar of Elyvilon.
   295 | D        | Noticed a yak
   299 | D        | Killed a yak
   299 | D        | Reached skill level 11 in Axes
   300 | D        | Found an opulent altar of Gozag.
   303 | D        | Found a sparkling altar of Nemelex Xobeh.
   560 | D        | Noticed a centaur warrior
   560 | D        | Noticed a centaur warrior
   562 | D        | Shot with an arrow by a centaur warrior

Skill      XL: |  1  2  3  4  5  6 |
---------------+-------------------+-----
Fighting       | 4 6 7 8 |  8.5
Axes           | 5 7 10 11 | 11.4
Armour         | 3 5 7 8 |  8.1
Dodging        | 3 5 6 7 |  7.4

Action                   |  1- 3 |  4- 6 || total
-------------------------+-------+-------++-------
Melee: Hand axe          |    17 |    10 ||    27
       Headbutt          |     2 |     4 ||     6
Invok: Berserk           |     1 |     2 ||     3
       Trog's Hand       |       |     1 ||     1
  Eat: Chunk             |       |     1 ||     1
Armor: Animal skin       |     1 |       ||     1
Dodge: Dodged            |     7 |     5 ||    12
